 Dungeon Crawl Stone Soup version 0.32-a0-616-g9348d4545b (webtiles) character file.

Game seed: 15426962487181533036

975 ezpacito the Trooper (level 8, -8/61 HPs)
             Began as a Coglin Chaos Knight on Mar 5, 2024.
             Was a Plaything of Xom.
             Mangled by an ogre
             ... wielding a +0 giant spiked club
              (23 damage)
             ... on level 5 of the Dungeon.
             The game lasted 00:05:37 (3211 turns).

ezpacito the Trooper (Coglin Chaos Knight)          Turns: 3211, Time: 00:05:38

Health: -8/61      AC:  7    Str: 16    XL:     8   Next: 16%
Magic:  10/10      EV: 12    Int: 15    God:    Xom [......]
Gold:   122        SH:  0    Dex: 14    Spells: 10/10 levels left

rFire   . . .        a - +1 hand axe (chaos) {Surin}
rCold   . . .        j - +1 trident (flame) {Leofric}
rNeg    + . .        b - +2 leather armour
rPois   .            (no helmet)
rElec   .            i - +0 cloak of the Gastropod {rN+ Str+2 Int+3}
rCorr   .            (no gloves)
SInv    .            e - +0 pair of boots
Will    .....        (amulet unavailable)
Stlth   ++           (ring unavailable)
HPRegen 0.30/turn    (ring unavailable)
MPRegen 0.12/turn    (no gizmo)

%: no passive effects
@: weak-willed, on berserk cooldown, slowed, revving, very slow
A: off-hand wielding, slow wielding, warmup strikes, no jewellery, fangs 1,
mutation resistance 1, wild magic 1
a: Invent Gizmo, Renounce Religion


You were on level 5 of the Dungeon.
You worshipped Xom.
You were a very special plaything of Xom.
You visited 2 branches of the dungeon, and saw 6 of its levels.

You collected 231 gold pieces.
You spent 109 gold pieces at shops.

Inventory:

Hand Weapons
 a - a +1 hand axe of chaos (weapon) {Surin}
 j - a +1 trident of flaming (offhand) {Leofric}
 p - a +0 war axe
Missiles
 n - a throwing net
 q - 2 poisoned darts
Armour
 b - a +2 leather armour (worn)
 e - a +0 pair of boots (worn)
 i - the +0 cloak of the Gastropod (worn) {rN+ Str+2 Int+3}
   (You found it on level 4 of the Dungeon)

   Str+2:     It affects your strength (+2).
   Int+3:     It affects your intelligence (+3).
   rN+:       It protects you from negative energy.
Magical Staves
 h - a staff of fire
Wands
 o - a wand of mindburst (12)
Scrolls
 c - a scroll of enchant armour
 d - a scroll of immolation
 f - a scroll of revelation
Potions
 g - a potion of magic


   Skills:
 * Level 4.6 Fighting
 * Level 4.6(4.9) Axes
 + Level 2.2(3.5) Polearms
 * Level 3.8 Armour
 * Level 3.3 Dodging
 + Level 2.0 Stealth
 + Level 1.9 Spellcasting
 + Level 3.3 Evocations


You had 10 spell levels left.
You didn't know any spells.
Your spell library contained the following spells:

 Spells                   Type           Power      Damage    Failure   Level
 Magic Dart               Conj           4%         1d3       34%         1
 Blink                    Tloc           2%         N/A       47%         2
 Call Imp                 Summ           2%         N/A       47%         2
 Dazzling Flash           Conj/Hex       2%         N/A       71%         3
 Volatile Blastmotes      Fire/Tloc      2%         2d10      71%         3
 Starburst                Conj/Fire      0%         6d3       100%        6
 Maxwell's Capacitive Co  Air            0%         ∞         100%        8


Dungeon Overview and Level Annotations

Branches:
Dungeon (5/15)             Temple (1/1) D:4

Altars:
Elyvilon
Fedhas
Gozag
Kikubaaqudgha
Makhleb
Nemelex Xobeh
Okawaru
Qazlal
Sif Muna
Trog
Uskayaw
Vehumet
Wu Jian
Xom
Yredelemnul
Zin
The Shining One

Shops:
D:3 *

Annotations:
D:3 3 runed translucent doors, adelrune's ghost, amateur CoWr


Innate Abilities, Weirdness & Mutations

You can wield a second weapon in your off-hand.
It takes a long time for you to wield or remove held weapons.
Your first few attacks do less damage.
You cannot equip rings or amulets.
You have very sharp teeth.
You are somewhat resistant to further mutation.
Your spells are a little harder to cast, but a little more powerful.


Message History

The orc wizard flickers and vanishes!
Deactivating autopickup; reactivate with Ctrl-A.
You take 1 damage, and have 28/61 hp.
You barely miss the orc with your +1 trident of flaming.
Your bite misses the orc.
You barely miss the orc with your +0 hand axe of chaos.
You feel sick. The orc hits you but does no damage.
An orc comes into view. It is wielding a +0 mace.
The orc closely misses you.
You take 1 damage, and have 27/61 hp.
The orc shouts!
You puncture the orc with your +1 trident of flaming!
You burn the orc.
You kill the orc!
You feel sick.
An ogre comes into view. It is wielding a +0 giant spiked club.
You take 2 damage, and have 25/61 hp.
You feel sick.
You are no longer poisoned.
You hear some strange, mumbled words.
A puff of flame appears from out of thin air!
The puff of flame hits you!
* * * LOW HITPOINT WARNING * * *
The ogre shouts!
Things that are here:
a +0 dagger; an orc corpse You take 11 damage, and have 14/61 hp.
As you read the scroll labelled LAOLLISISS, it crumbles to dust.
It is a scroll of enchant weapon.
Your +0 hand axe of chaos {Surin} glows red for a moment.
Something hits you but does no damage. You partially resist.
Something hits you but does no damage. You partially resist.
The ogre barely misses you.
As you read the scroll labelled SOULEI XIR PECK, it crumbles to dust.
A wave of despondency washes over your surroundings.
It was a scroll of vulnerability.
Something hits you but does no damage. You partially resist.
The ogre hits you with a +0 giant spiked club!!
You die...
Xom titters!

. .#..# #.# ..##...#
...### ..^?.#.# ......
..##...###.#..#
.......†.†....#
...###†....#.###..#
##.#.###.# #..#
#?...###.# #..#
#.....#@.....# #..# #
.####oO{###.## #.. .
.....## #.# #.# #
#####.####.####.#######
#......†..........#
#.####.###.######.# #.
#.#.....# #.# #.
#.......####.#
#.#..<........


You could see an ogre (weak-willed) and an orc.

Vanquished Creatures
  Grinder (D:2)
  Sigmund (D:3)
  A water moccasin (D:5)
  3 scorpions (D:4)
  A crimson imp (D:3)
  2 orc priests
  A sleepcap (D:5)
  Jessica (D:2)
  An orc wizard (D:4)
  5 adders
  7 gnolls (D:4)
  A ribbon worm (D:3)
  A dart slug (D:4)
  12 orcs
  5 bats
  8 endoplasms
  2 giant cockroaches
  5 goblins
  3 hobgoblins
  4 jackals (D:4)
  4 quokkas
  2 ball pythons
  3 frilled lizards
  5 kobolds
  8 rats
87 creatures vanquished.

Notes
Turn   | Place    | Note
-------+----------+-------------------------------------------
     0 | D:1      | ezpacito the Coglin Chaos Knight began the quest for the
                  | Orb.
     0 | D:1      | Reached XP level 1. HP: 18/18 MP: 1/1
    11 | D:1      | XOM: butterfly on damage
    12 | D:1      | XOM: silly message
    38 | D:1      | Reached skill level 1 in Dodging
   135 | D:1      | Found a faded altar of an unknown god.
   140 | D:1      | Reached XP level 2. HP: 21/24 MP: 2/2
   696 | D:2      | Reached XP level 3. HP: 29/29 MP: 3/3
   735 | D:2      | Noticed Jessica
   748 | D:2      | Killed Jessica
   849 | D:2      | Reached skill level 1 in Evocations
   849 | D:2      | Reached XP level 4. HP: 35/35 MP: 4/4
   990 | D:3      | Reached skill level 1 in Polearms
  1175 | D:3      | Noticed Grinder
  1175 | D:3      | XOM: silly message
  1187 | D:3      | XOM: blink monster(s)
  1187 | D:3      | XOM: smoke on damage
  1188 | D:3      | Gained mutation: Your movements are slightly less
                  | encumbered by armour. (ER -2) [potion of mutation]
  1188 | D:3      | Gained mutation: You have very sharp teeth. [potion of
                  | mutation]
  1188 | D:3      | Gained mutation: You have hidden genetic potential. [potion
                  | of mutation]
  1324 | D:3      | XOM: noise
  1330 | D:2      | Killed Grinder
  1331 | D:2      | Reached skill level 1 in Stealth
  1331 | D:2      | Reached skill level 1 in Spellcasting
  1331 | D:2      | Reached XP level 5. HP: 31/42 MP: 4/6
  1331 | D:2      | Reached XP level 6. HP: 36/48 MP: 4/7
  1346 | D:2      | Gained mutation: Your muscles are strong. (Str +4, Int/Dex
                  | -1) [hidden potential]
  1381 | D:3      | Found Soshimetei's Assorted Antiques.
  1394 | D:3      | Bought a silvery potion for 25 gold pieces
  1394 | D:3      | Bought a scroll labelled ANINUR ZAWOFF for 28 gold pieces
  1394 | D:3      | Bought a scroll labelled XOGGATHR OVIPN for 28 gold pieces
  1394 | D:3      | Bought a scroll labelled ANINUR ZAWOFF for 28 gold pieces
  1446 | D:3      | XOM: give mutations
  1446 | D:3      | Lost mutation: Your movements are slightly less encumbered
                  | by armour. (ER -2) [Xom's mischief]
  1446 | D:3      | Lost mutation: You have hidden genetic potential. [Xom's
                  | mischief]
  1446 | D:3      | Gained mutation: You are somewhat resistant to further
                  | mutation. [Xom's mischief]
  1446 | D:3      | Gained mutation: Your flesh is cold resistant. (rC+) [Xom's
                  | mischief]
  1451 | D:3      | Noticed Sigmund
  1662 | D:3      | XOM: give mutation
  1662 | D:3      | Lost mutation: Your flesh is cold resistant. (rC+) [Xom's
                  | mischief]
  1700 | D:3      | XOM: stat loss: -1 Str (17/18)
  1746 | D:3      | XOM: confusion
  1757 | D:3      | Killed Sigmund
  1758 | D:3      | Reached XP level 7. HP: 46/54 MP: 7/9
  1841 | D:3      | Found a runed translucent gate.
  1842 | D:3      | Found a runed translucent gate.
  1843 | D:3      | Found a runed translucent gate.
  1843 | D:3      | Noticed adelrune's ghost (amateur CoWr)
  1865 | D:3      | XOM: summons 4 hostile shadow creatures
  1978 | D:3      | Found a radiant altar of Vehumet.
  1978 | D:3      | Found a burning altar of Makhleb.
  2128 | D:4      | Found a staircase to the Ecumenical Temple.
  2195 | D:4      | Identified the +0 cloak of the Gastropod {rN+ Str+2 Int+3}
  2230 | Temple   | Entered the Ecumenical Temple
  2407 | D:4      | XOM: summons 1 hostile shadow creature
  2703 | D:4      | XOM: 4-stop teleportation journey
  2713 | D:4      | XOM: 5-stop teleportation journey
  2939 | D:4      | XOM: give mutations
  2939 | D:4      | Lost mutation: Your muscles are strong. (Str +4, Int/Dex
                  | -1) [Xom's mischief]
  2939 | D:4      | Gained mutation: Your spells are a little harder to cast,
                  | but a little more powerful. [Xom's mischief]
  3077 | D:5      | Entered Level 5 of the Dungeon
  3081 | D:5      | Reached XP level 8. HP: 58/61 MP: 10/10
  3195 | D:5      | XOM: noise
  3211 | D:5      | Mangled by an ogre

Illustrated notes

Levels and vault maps discovered:
D:1:      spicycebolla_arrival_xxxplode, layout_rooms,
          ebering_ecumenical_altar_abandoned
D:2:      layout_basic, serial_glass, glass_columns_b, glass_columns_a,
          glass_columns_b, uniq_jessica
D:3:      layout_rooms, grunt_temple_overflow_lords_of_destruction,
          serial_shops, shop, ebering_ghost_rock_garden, uniq_sigmund,
          uniq_grinder
D:4:      layout_basic, minmay_temple_entry_junction
D:5:      layout_loops_ring, lemuel_coloured_pillars_altar
Temple:   hellmonk_temple_of_storms

Skill      XL: |  1  2  3  4  5  6  7  8 |
---------------+-------------------------+-----
Dodging        | 1 2 3 |  3.3
Armour         | 2 3 |  3.8
Evocations     | 1 2 3 |  3.3
Polearms       | 1 2 |  2.2
Stealth        | 1 2 |  2.0
Spellcasting   | 1 |  1.9
Fighting       | 4 |  4.6
Axes           | 4 |  4.6

Action                     |  1- 3 |  4- 6 |  7- 9 || total
---------------------------+-------+-------+-------++-------
  Melee: Hand axe          |    44 |    44 |    70 ||   158
         Dagger            |    21 |       |       ||    21
         Trident           |    25 |    48 |    91 ||   164
         Bite              |       |     3 |     7 ||    10
    Use: Potion            |       |     3 |     1 ||     4
         Scroll            |       |     8 |     4 ||    12
   Stab: Sleeping          |       |       |     2 ||     2
         Distracted        |       |       |     1 ||     1
 Armour: Leather armour    |    19 |    51 |    55 ||   125
  Dodge: Dodged            |    36 |    44 |    61 ||   141

Table legend: (Time is in decaauts)
 A = Elapsed time spent in this place.
 B = Non-inter-level travel time spent in this place.
 C = Inter-level travel time spent in this place.
 D = Time resting spent in this place.
 E = Time spent auto-exploring this place.
 F = Levels seen in this place.
 G = Mean time per level.
                   A        B        C        D        E       F      G
               +--------+--------+--------+--------+--------+-----+--------+
         Total |   3237 |   3084 |    153 |    389 |   2068 |   6 |  539.5 |
       Dungeon |   3231 |   3078 |    153 |    389 |   2068 |   5 |  646.2 |
        Temple |      6 |      6 |      0 |      0 |      0 |   1 |    6.0 |
               +--------+--------+--------+--------+--------+-----+--------+

Top non-repeatable levels by time:
     D:4: 1003 daAuts
     D:3: 824 daAuts
     D:2: 692 daAuts
     D:1: 574 daAuts
     D:5: 135 daAuts
  Temple: 6 daAuts
